 Dungeon Sprint DCSS version 0.30.0-2-g1aa4bd4387 (webtiles) character file.

Game seed: 5954714180286038589

425 EarthwalkerPL the Protected (level 6, -1/66 HPs)
             Began as a Minotaur Fighter on May 7, 2023.
             Was an Initiate of Okawaru.
             Slain by a centaur warrior (4 damage)
             ... in the Dungeon (Sprint I: "Red Sonja").
             The game lasted 00:03:00 (348 turns).

EarthwalkerPL the Protected (Minotaur Fighter)       Turns: 348, Time: 00:03:02

Health: -1/66      AC:  8    Str: 23    XL:     6   Next: 64%
Magic:  5/5        EV: 10    Int:  5    God:    Okawaru [......]
Gold:   305        SH:  5    Dex:  9    Spells: 5/5 levels left

rFire   . . .        a - +0 war axe
rCold   . . .        c - +0 buckler
rNeg    . . .        b - +0 scale mail
rPois   .            (helmet restricted)
rElec   .            (no cloak)
rCorr   .            (no gloves)
SInv    .            (no boots)
Will    .....        (no amulet) Stlth
                     (no ring)
HPRegen 0.31/turn    (no ring)
MPRegen 0.09/turn

%: no teleportation
@: no status effects
A: horns 2, retaliatory headbutt
a: Renounce Religion


You were in the Dungeon.
You worshipped Okawaru.
Okawaru was noncommittal.
You visited 1 branch You collected 305 gold pieces.

Inventory:

Hand Weapons
 a - a +0 war axe (weapon)
Armour
 b - a +0 scale mail (worn)
 c - a +0 buckler (worn)
 l - a +1 leather armour of positive energy
Wands
 k - a wand of flame (7) (quivered)
Scrolls
 j - a scroll of blinking
 m - a scroll of identify {unknown}
 n - a scroll of enchant weapon {unknown}
Potions
 d - a potion of might
 e - a potion of curing
 f - a potion of heal wounds
 g - a potion of haste
 h - 2 potions of magic
 i - a potion of berserk rage


   Skills:
 * Level 9.7 Fighting
 * Level 7.8 Axes
 * Level 10.9 Armour
 + Level 1.1 Dodging
 + Level 7.7 Shields
 + Level 1.3 Evocations


You had 5 spell levels left.
You didn't know any spells.
Your spell library was empty.

Dungeon Overview and Level Annotations

Branches:
Dungeon (1/1)

Altars:
Cheibriados
Dithmenos
Elyvilon
Fedhas
Gozag
Hepliaklqana
Kikubaaqudgha
Nemelex Xobeh
Okawaru
Qazlal
Ru
Sif Muna
Trog
Uskayaw
Vehumet
Wu Jian
Yredelemnul
Zin
The Shining One

Shops:
D (


Innate Abilities, Weirdness & Mutations

You have a pair of horns on your head.
You reflexively headbutt those who attack you in melee.


Message History

There is an entrance to Asyrreypt's Weapon Emporium here.
There is an open door, spattered with blood here.
You see here a yak corpse.
There is an open door here.
Unknown command.
You enter the shallow water.
Moving in this stuff is going to be slow.
The centaur warrior shouts!
The centaur warrior wields a +0 longbow.
The centaur warrior shoots an arrow.
The arrow hits you!!
The centaur warrior wields a +0 shortbow.
The centaur warrior shoots an arrow.
The arrow hits you!
The centaur warrior shoots an arrow.
The arrow hits you!!
* * * LOW HITPOINT WARNING * * *
The centaur warrior unwields a +0 longbow.
The centaur warrior hits you.
* * * LOW HITPOINT WARNING * * *
The centaur warrior kicks you but does no damage.
The centaur warrior unwields a +0 shortbow.
The centaur warrior barely misses you. You furiously retaliate!
You headbutt the centaur warrior.
The centaur warrior kicks you but does no damage.
You block the centaur warrior's attack.
The centaur warrior kicks you but does no damage.
The centaur warrior misses you. You furiously retaliate!
You headbutt the centaur warrior.
The centaur warrior kicks you but does no damage.
The centaur warrior hits you.
* * * LOW HITPOINT WARNING * * *
The centaur warrior kicks you but does no damage.
The centaur warrior hits you.
* * * LOW HITPOINT WARNING * * *
The centaur warrior barely misses you.
You hit the centaur warrior but do no damage.
The centaur warrior is lightly wounded.
You hit the centaur warrior but do no damage.
The centaur warrior barely misses you.
The centaur warrior completely misses you.
The centaur warrior hits you.
You die...

#############
#.)'..#..'..#
').#..').#..+
#####'#####'# ###
####..#...#.####§[#
#__####..##.#~§~§§#
#_____##'#_.'~§§c§+
#_.∩...†..._#~§§@c#
#_..__##_.#'##+####
#_____###+#.#
####### ###


You could see 2 centaur warriors.

Vanquished Creatures
  Sigmund (D)
  A yak (D)
  An ogre (D)
  A jelly (D)
  Ijyb (D)
5 creatures vanquished.

Notes
Turn   | Place    | Note
-------+----------+-------------------------------------------
     0 | D        | EarthwalkerPL the Minotaur Fighter began the quest for the
                  | Orb.
     0 | D        | Reached XP level 1. HP: 19/19 MP: 0/0
     6 | D        | Noticed Ijyb
    14 | D        | Killed Ijyb
    15 | D        | Reached skill level 5 in Fighting
    15 | D        | Reached skill level 5 in Armour
    15 | D        | Reached skill level 5 in Shields
    15 | D        | Reached XP level 2. HP: 7/29 MP: 1/1
   124 | D        | Noticed an ogre
   130 | D        | Killed an ogre
   131 | D        | Reached skill level 7 in Armour
   131 | D        | Reached XP level 3. HP: 37/38 MP: 2/2
   131 | D        | Reached XP level 4. HP: 44/45 MP: 3/3
   142 | D        | Noticed Sigmund
   152 | D        | Killed Sigmund
   153 | D        | Reached skill level 9 in Armour
   153 | D        | Reached skill level 1 in Evocations
   153 | D        | Reached XP level 5. HP: 44/56 MP: 4/4
   205 | D        | Found a shimmering blue altar of Sif Muna.
   206 | D        | Found an ornate altar of the Wu Jian Council.
   207 | D        | Found a radiant altar of Vehumet.
   215 | D        | Reached XP level 6. HP: 43/62 MP: 5/5
   309 | D        | Noticed a centaur warrior
   309 | D        | Noticed a centaur warrior
   320 | D        | Found Asyrreypt's Weapon Emporium.
   320 | D        | Found an ancient bone altar of Kikubaaqudgha.
   320 | D        | Found a hazy altar of Hepliaklqana.
   320 | D        | Found a stormy altar of Qazlal.
   320 | D        | Found a hide-covered altar of Uskayaw.
   320 | D        | Found a blossoming altar of Fedhas.
   320 | D        | Found a bloodstained altar of Trog.
   320 | D        | Found an iron altar of Okawaru.
   320 | D        | Found a basalt altar of Yredelemnul.
   320 | D        | Found a glowing golden altar of the Shining One.
   320 | D        | Found a snail-covered altar of Cheibriados.
   320 | D        | Found a sacrificial altar of Ru.
   320 | D        | Found a glowing silver altar of Zin.
   320 | D        | Found a shadowy altar of Dithmenos.
   320 | D        | Found a white marble altar of Elyvilon.
   320 | D        | Noticed a yak
   326 | D        | Killed a yak
   327 | D        | Reached skill level 10 in Armour
   327 | D        | Reached skill level 1 in Dodging
   327 | D        | Found an opulent altar of Gozag.
   328 | D        | Found a sparkling altar of Nemelex Xobeh.
   333 | D        | Became a worshipper of Warmaster Okawaru
   347 | D        | HP: 2/66 [centaur warrior (6)]
   348 | D        | Slain by a centaur warrior

Illustrated notes

Levels and vault maps discovered:
D:        dungeon_sprint_1 [red_sonja_temple_1, red_sonja_temple_small_1]

Skill      XL: |  1  2  3  4  5  6 |
---------------+-------------------+-----
Fighting       | 5 6 8 9 |  9.7
Axes           | 3 4 6 7 |  7.8
Armour         | 5 7 9 10 | 10.9
Shields        | 5 6 7 |  7.7
Evocations     | 1 |  1.3
Dodging        | 1 |  1.1

Action                     |  1- 3 |  4- 6 || total
---------------------------+-------+-------++-------
  Melee: War axe           |    11 |    21 ||    32
         Headbutt          |     3 |       ||     3
  Evoke: Wand              |     2 |       ||     2
 Armour: Scale mail        |     2 |    11 ||    13
  Dodge: Dodged            |     2 |     8 ||    10
  Block: Buckler           |     2 |     6 ||     8
